 Dungeon Crawl Stone Soup version 0.17-a0-1447-g3d113ad (webtiles) character file.

13122 urechis the Grappler (level 11, -1/117 HPs)
             Began as a Troll Monk on June 29, 2015.
             Was a Follower of Jiyva.
             Slain by a fire giant
             ... wielding a +1 great sword of flaming
             ... created by the fury of Okawaru
              (23 damage)
             ... on level 1 of the Dungeon.
             The game lasted 00:29:51 (9840 turns).

urechis the Grappler (Troll Monk)                   Turns: 9840, Time: 00:29:51

Health: -1/117     AC:  5    Str: 21    XL:     11   Next: 71%
Magic:  10/10      EV: 17    Int:  6    God:    Jiyva [*.....]
Gold:   659        SH:  0    Dex: 15    Spells: 0 memorised, 10 levels left

rFire  . . .     SeeInvis .       - Unarmed
rCold  . . .     Clarity  .     p - +0 robe
rNeg   . . .     SustAt   .     (no shield)
rPois  .         Gourm    +     (helmet restricted)
rElec  .         Spirit   .     (no cloak)
rCorr  .         Warding  .     (gloves unavailable)
rMut   .         Stasis   .     (boots unavailable)
MR     .....                    z - amulet of rage
Stlth  +.........               v - +3 ring of evasion
                                h - +2 ring of evasion

@: confused, lethally poisoned (-1 -> -1), constricted, not resistant to hostile
enchantments, very unstealthy
A: unfitting armour, claws 3, fast metabolism 3, gourmand, regeneration 2,
shaggy fur 1, tough skin 2
a: Request Jelly, Renounce Religion, Evoke Berserk Rage


You were on level 1 of the Dungeon.
You worshipped Jiyva.
Jiyva was aware of your devotion.
You were not hungry.

You visited 3 branches of the dungeon, and saw 17 of its levels.

You collected 659 gold pieces.

Inventory:

Hand weapons
 a - a +0 blowgun
Missiles
 r - 30 poisoned needles
 B - 7 curare-tipped needles
 K - 2 needles of frenzy
 T - 8 needles of sleeping
Armour
 p - a +0 robe (worn)
Jewellery
 h - a +2 ring of evasion (left claw)
 v - a +3 ring of evasion (right claw)
 z - an amulet of rage (around neck)
 J - a +4 ring of strength
 N - an uncursed amulet of resist corrosion
Magical devices
 d - a wand of cold (4)
 q - a wand of slowing (31)
 y - a wand of lightning (10)
 L - a wand of disintegration (10)
 Q - a wand of teleportation (5)
 S - a wand of confusion (20)
Scrolls
 i - 2 scrolls of immolation
 j - 5 scrolls of fog
 n - a scroll of silence
 x - 2 scrolls of blinking
 A - 2 scrolls of recharging
 C - 3 scrolls of enchant weapon
 D - a scroll of holy word
 E - a scroll of noise
 G - 3 scrolls of remove curse
 O - a scroll of teleportation
 P - 4 scrolls of enchant armour
 U - a scroll of brand weapon {unknown}
 V - a scroll of amnesia {unknown}
Potions
 c - 2 potions of flight
 e - a potion of ambrosia
 f - 3 potions of cancellation
 l - a potion of might {unknown}
 m - 2 potions of haste {unknown}
 o - a potion of heal wounds
 t - a potion of degeneration {unknown}
 w - 5 potions of curing
 F - a potion of agility {unknown}
 H - a potion of poison {unknown}
 I - a potion of lignification {unknown}
Comestibles
 b - 11 bread rations
 g - 3 beef jerkies
 k - 7 fruits
 s - 2 meat rations
 M - 4 slices of pizza
 R - a royal jelly


   Skills:
 + Level 9.6 Fighting
 + Level 9.5 Dodging
 - Level 1.1 Stealth
 * Level 11.6 Unarmed Combat


You had 10 spell levels left.
You didn't know any spells.

Dungeon Overview and Level Annotations

Branches:
Dungeon (8/15)             Temple (1/1) D:7            Lair (8/8) D:8
  Swamp (0/4) Lair:6        Slime (0/6) Lair:7
  Snake: Lair:3-6    Spider: Lair:3-6

Altars:
Ashenzari
Cheibriados
Dithmenos
Fedhas
Gozag
Kikubaaqudgha
Makhleb
Nemelex Xobeh
Okawaru
Qazlal
Ru
Sif Muna
Trog
Xom
Yredelemnul
Zin
The Shining One
Jiyva

Annotations:
D:8 exclusion: ice statue


Innate Abilities, Weirdness & Mutations

You are too large for most types of armour.
You have claws for hands.
Your metabolism is lightning-fast.
You like to eat raw meat.
You heal very quickly.
You are covered in fur (AC +1).
You have very tough skin (AC +2).


Message History

* * * LOW HITPOINT WARNING * * *
x2 The naga constricts you.
Drink which item? (? for menu, Esc to quit)
You are confused.
You feel invigorated.
* * * LOW HITPOINT WARNING * * *
You are poisoned.
You miss the naga.
The naga is almost dead.
You feel sick. The naga barely misses you.
* * * LOW HITPOINT WARNING * * *
The naga constricts you.
The fire giant hits you but does no damage.
You bump into the rock wall.
The naga closely misses you.
* * * LOW HITPOINT WARNING * * *
The naga constricts you.
You scratch the naga but do no damage.
The naga is almost dead.
The fire giant hits you with a great sword of flaming!!
You die...

...###.# *,,* #.#
.......########..#
#.#
...###.......##..#
#.# ..##
#.#####.##..# #.#
.## #.# #.##..##
#.#### ..## #.#
#.#*...# #....#
...###.# #.#*#..#
####.#
#...##.#####.###..#
#.#
##...#.......C.N@.#
#.#
##....#####.####C#
#.# ##...#
##N.....# #.# ##.##
#.CC#####** #.##
****### #N........*
#... ,,,*
#...#####.* ####
,,,**** ###.# *,*
### ,,,,,,* #.# *,*


#JJ ,,,**,* #.# **,***########.. You could see a fire giant, a stone giant and a
naga (bleeding).

Vanquished Creatures
  A hill giant (D:8)
  The ghost of OrbSeeker the Zephyrmancer, an experienced TeAE of Sif Muna (D:7)
  A manticore (Lair:7)
  A torpor snail (Lair:7)
  3 black mambas
  5 spiny frogs
  3 komodo dragons
  A fire drake (Lair:7)
  A wandering mushroom (Lair:6)
  4 blink frogs (Lair:7)
  Sigmund (D:5)
  3 yaks
  A deep elf fighter (D:8)
  A basilisk (Lair:2)
  5 hippogriffs
  11 wolves
  2 hungry ghosts
  5 water moccasins
  The ghost of magipi the Firebug, an average TeFE (D:3)
  7 porcupines
  An ice beast (D:7)
  An orc warrior (D:8)
  3 phantoms
  5 crocodiles
  A necrophage (D:5)
  A centaur (D:8)
  An ogre (D:5)
  A wyvern zombie (D:8)
  6 giant frogs
  A wyvern skeleton (D:8)
  4 killer bees (D:7)
  A scorpion (D:7)
  2 crimson imps
  3 giant frog zombies
  A wasp zombie (D:8)
  A jelly (D:8)
  3 centaur skeletons
  3 orc wizards
  2 giant frog skeletons
  A hound (D:7)
  5 worker ants
  6 iguanas
  A killer bee zombie (D:5)
  A worker ant zombie (D:5)
  2 hound skeletons
  A gnoll (D:1)
  9 adders
  12 river rats
  2 oozes
  3 adder skeletons
  2 worms (D:2)
  5 giant geckos
  29 orcs
  A ball python (D:6)
  27 bats
  5 bat skeletons
  2 bat zombies
  4 giant cockroaches
  15 goblins
  15 hobgoblins
  6 jackals
  5 quokkas
  A giant gecko skeleton (D:6)
  9 giant newts
  12 kobolds
  23 rats
  A bush (Lair:6)
  A fungus (D:8)
305 creatures vanquished.

Vanquished Creatures (others)
  10 jellies
  3 sheep (Lair:7)
  A ball python (D:7)
  3 fungi (Lair:7)
17 creatures vanquished.

Grand Total: 322 creatures vanquished

Notes
Turn   | Place    | Note
--------------------------------------------------------------
     0 | D:1      | urechis the Troll Monk began the quest for the Orb.
     0 | D:1      | Reached XP level 1. HP: 22/22 MP: 0/0
    12 | D:1      | Reached XP level 2. HP: 27/29 MP: 1/1
   209 | D:1      | Reached skill level 5 in Unarmed Combat
   260 | D:1      | Reached XP level 3. HP: 36/36 MP: 2/2
   815 | D:2      | Reached XP level 4. HP: 39/44 MP: 3/3
  1161 | D:3      | Reached skill level 6 in Unarmed Combat
  1581 | D:3      | Noticed magipi's ghost (average TeFE)
  1592 | D:3      | Killed magipi's ghost
  1592 | D:3      | Reached skill level 7 in Unarmed Combat
  1592 | D:3      | Reached XP level 5. HP: 34/50 MP: 4/4
  1716 | D:4      | Noticed a phantom
  1722 | D:4      | Killed a phantom
  1722 | D:4      | Reached XP level 6. HP: 51/59 MP: 5/5
  1745 | D:4      | Identified the Disquisition on Shifting Stones
  1777 | D:4      | Reached skill level 8 in Unarmed Combat
  2334 | D:4      | Found a snail-covered altar of Cheibriados.
  2466 | D:5      | Entered Level 5 of the Dungeon
  2473 | D:5      | Reached XP level 7. HP: 58/66 MP: 6/6
  2589 | D:5      | Reached skill level 9 in Unarmed Combat
  2806 | D:5      | Noticed Sigmund
  2814 | D:5      | Killed Sigmund
  2814 | D:5      | Reached skill level 10 in Unarmed Combat
  2814 | D:5      | Reached XP level 8. HP: 74/74 MP: 7/7
  3360 | D:6      | Found a glowing golden altar of the Shining One.
  3360 | D:6      | Found a deep blue altar of Sif Muna.
  3418 | D:6      | Found a basalt altar of Yredelemnul.
  3732 | D:7      | Noticed OrbSeeker's ghost (experienced TeAE)
  3742 | D:7      | Killed OrbSeeker's ghost
  3757 | D:7      | Reached XP level 9. HP: 75/87 MP: 8/8
  3801 | D:7      | Reached skill level 5 in Fighting
  4014 | D:7      | Found a staircase to the Ecumenical Temple.
  4017 | D:7      | Reached skill level 5 in Dodging
  4052 | Temple   | Entered the Ecumenical Temple
  4150 | Temple   | Became a worshipper of Warmaster Okawaru
  4150 | Temple   | Acquired Okawaru's first power
  4333 | D:7      | Found a shattered altar of Ashenzari.
  4812 | D:8      | Noticed a hill giant
  4825 | D:8      | Killed a hill giant
  5123 | D:8      | Noticed an ice statue
  5334 | D:8      | Found a staircase to the Lair.
  5777 | Lair:1   | Entered Level 1 of the Lair of Beasts
  5842 | Lair:1   | Noticed a komodo dragon
  5854 | Lair:1   | Killed a komodo dragon
  5854 | Lair:1   | Reached XP level 10. HP: 49/102 MP: 9/9
  6056 | Lair:1   | Noticed a komodo dragon
  6066 | Lair:1   | Killed a komodo dragon
  6892 | Lair:3   | You fall through a shaft for 3 floors!
  6903 | Lair:6   | Found a staircase to the Swamp.
  7173 | Lair:6   | Noticed a black mamba
  7183 | Lair:6   | Killed a black mamba
  7183 | Lair:6   | Acquired Okawaru's second power
  7371 | Lair:6   | Reached XP level 11. HP: 62/113 MP: 10/10
  7638 | Lair:6   | Noticed a lindwurm
  7638 | Lair:6   | Noticed a lindwurm
  7644 | Lair:6   | Noticed a lindwurm
  7645 | Lair:6   | Noticed a lindwurm
  8259 | Lair:7   | You fall through a shaft!
  8259 | Lair:8   | Entered Level 8 of the Lair of Beasts
  8332 | Lair:8   | Received a gift from Okawaru
  8586 | Lair:7   | Found a viscous altar of Jiyva.
  8586 | Lair:7   | Found a staircase to the Slime Pits.
  8590 | Lair:7   | Fell from the grace of Okawaru
  8590 | Lair:7   | Became a worshipper of Jiyva Jiwefirr the Shapeless
  8775 | Lair:7   | Reached skill level 11 in Unarmed Combat
  9028 | Lair:7   | Acquired Jiyva's first power
  9048 | Lair:7   | Noticed a six-headed hydra
  9231 | Lair:4   | Noticed an eight-headed hydra
  9265 | Lair:2   | Noticed a black mamba
  9276 | Lair:1   | Killed a black mamba
  9823 | D:1      | Noticed a fire giant
  9823 | D:1      | Noticed a stone giant
  9823 | D:1      | Noticed a naga warrior
  9823 | D:1      | Noticed a naga ritualist
  9840 | D:1      | Slain by a fire giant

Vault maps used:
D:1:      elethiomel_arrival_shortcut, minmay_misc_feat_chi, serial_bayou_pond_b
D:4:      cheibriados_altar_wand_db, kennysheep_generic_room_2
D:5:      first_bread, uniq_sigmund
D:6:      gammafunk_temple_overflow_forgotten, moated_statue
D:7:      nicolae_overflow_hidden_temple, temple_doors_d, st_stairs_12
D:8:      lemuel_ice_statue, grunt_lair_entry_elf_guard_hut
Temple:   circular_temple_12
Lair:1:   infiniplex_staircase_pool_2
Lair:2:   dragon1_lemuel, enter_volcano_2
Lair:3:   statuecave_lemuel
Lair:4:   hangedman_lair_generics_rect
Lair:5:   spider_nest_entry_funnel_web, serial_bayou, serial_bayou_pond_b,
          serial_bayou_shore_b, serial_bayou_shore_a, serial_bayou_shore_b,
          serial_bayou_pond_a, serial_bayou_pond_a, zaba_antful_of_joy
Lair:6:   swamp_mist, minmay_lindwurm_lava
Lair:7:   dpeg_slime_entry_enclosed_altar, special_room, serial_bayou_lake_a,
          infiniplex_staircase_pool
Lair:8:   evilmike_catoblepas_cave, serial_bayou_shore_b, uniq_josephine

Action                   |  1- 3 |  4- 6 |  7- 9 | 10-12 || total
-------------------------+-------+-------+-------+-------++-------
Melee: Unarmed           |    73 |   152 |   357 |   320 ||   902
Invok: Request Jelly     |       |       |       |     5 ||     5
  Use: Scroll            |       |       |    13 |     6 ||    19
       Potion            |       |       |       |     1 ||     1
 Stab: Sleeping          |     1 |     1 |     4 |     3 ||     9
       Distracted        |     1 |       |       |       ||     1
  Eat: Chunk             |     8 |    17 |    41 |    31 ||    97
